 Dungeon Crawl Stone Soup version 0.24.1-8-ga250c9d538 (webtiles) character file.

Game seed: 11692999082659146947, levelgen mode: deterministic

49 H0rd4k the Magician (level 3, 0/19 HPs)
             Began as a Deep Elf Wizard on May 7, 2020.
             Succumbed to orc's curare-tipped dart
             ... on level 3 of the Dungeon.
             The game lasted 00:01:52 (745 turns).

H0rd4k the Magician (Deep Elf Wizard)                Turns: 745, Time: 00:01:52

Health: 0/19       AC:  2    Str:  4    XL:     3   Next: 53%
Magic:  2/12       EV: 13    Int: 23    God:
Gold:   73         SH:  0    Dex: 13    Spells: 4/13 levels left

rFire    . . .     SeeInvis .   (no weapon)
rCold    . . .     Gourm    .   (no shield)
rNeg     . . .     Faith    .   a - +0 robe
rPois    .         Spirit   .   b - +0 hat
rElec    .         Reflect  .   (no cloak)
rCorr    .         Harm     .   (no gloves)
MR       .....                  (no boots)
Stlth    ++........             (no amulet)
HPRegen  0.06/turn              (no ring)
MPRegen  0.13/turn              (no ring)

@: lethally poisoned (0 -> -18), slowed, very slow
A: no striking features
a: no special abilities


You were on level 3 of the Dungeon.
You were not hungry.

You visited 1 branch of the dungeon, and saw 3 of its levels.

You collected 73 gold pieces.

Inventory:

Armour
 a - a +0 robe (worn)
 b - a +0 hat (worn)
Jewellery
 g - an uncursed ring of resist corrosion {unknown}
Scrolls
 c - 2 scrolls of immolation
 f - a scroll of magic mapping {unknown}
Comestibles
 d - 2 rations


   Skills:
 + Level 2.8 Dodging
 + Level 2.8 Stealth
 + Level 5.7 Spellcasting
 + Level 1.7 Conjurations
   Level 1.1 Summonings
 + Level 1.1 Translocations


You had 4 spell levels left.
You knew the following spells:

 Your Spells              Type           Power        Failure   Level  Hunger
a - Magic Dart            Conj           ##..         4%          1    None
b - Blink                 Tloc           N/A          9%          2    None
c - Conjure Flame         Conj/Fire      ##......     19%         3    #......
d - Mephitic Cloud        Conj/Pois/Air  #.......     21%         3    #......

Your spell library contained the following spells:

 Spells                   Type           Power        Failure   Level  Hunger
 Corona                   Hex            #......      9%          1    None
 Call Imp                 Summ           ##......     9%          2    None
 Ensorcelled Hibernation  Hex/Ice        #.....       13%         2    None
 Slow                     Hex            #.......     13%         2    None
 Dazzling Spray           Conj/Hex       ##....       19%         3    #......
 Confuse                  Hex            #.......     26%         3    #......
 Tukima's Dance           Hex            #.......     26%         3    #......


Dungeon Overview and Level Annotations

Branches:
Dungeon (2/15)

Altars:


Message History

You have difficulty breathing.
You feel yourself slow down.
You see here a curare-tipped dart.
You feel sick. The quokka closely misses you.
You feel sick.
The orc throws a curare-tipped dart.
The curare-tipped dart hits you.
You are lethally poisoned!
You have difficulty breathing.
You feel as though you will be slow longer.
The quokka bites you.
* * * LOW HITPOINT WARNING * * *
You see here a curare-tipped dart.
You aren't carrying any potions.
You aren't carrying any potions.
You aren't carrying any potions.
* * * LOW HITPOINT WARNING * * *
You feel sick.
As you read the scroll labeled AWIHAN ZYRGH, it crumbles to dust.
It is a scroll of identify.
c - 2 scrolls of immolation You die...

.......## ......#....##
.....(.# .....#<.#.)### ..
...............# .).#
#.....†..(.###.# ...
#........#.# ###
#.##...#.##.#.##### ##....#
#..........#
......######.......#
#...o(.r@.......#
#.##.#...(.###.......##
........##..##........#
...###.####....######.#######
#. ###.)...##.........# #.
#....##..#.........# ..
#....###...........# ..
#....# ###.........# #..
#....# #.........#


You could see an orc and a quokka.

Vanquished Creatures
  2 adders (D:3)
  A dart slug (D:3)
  2 orcs (D:3)
  A giant cockroach (D:3)
  2 hobgoblins (D:2)
  A jackal (D:2)
  6 kobolds
  3 bats
  3 goblins
  8 rats
29 creatures vanquished.

Notes
Turn   | Place    | Note
-------+----------+-------------------------------------------
     0 | D:1      | H0rd4k the Deep Elf Wizard began the quest for the Orb.
     0 | D:1      | Reached XP level 1. HP: 10/10 MP: 7/7
   340 | D:2      | Reached XP level 2. HP: 15/15 MP: 6/9
   390 | D:2      | Reached skill level 5 in Spellcasting
   517 | D:2      | You fall into a shaft and drop 1 floor!
   644 | D:3      | Reached XP level 3. HP: 14/19 MP: 7/12
   648 | D:3      | Learned a level 2 spell: Blink
   652 | D:3      | Learned a level 3 spell: Conjure Flame
   656 | D:3      | Learned a level 3 spell: Mephitic Cloud
   745 | D:3      | Succumbed to orc's curare-tipped dart

Levels and vault maps discovered:
D:1:      minmay_arrival_cross, layout_loops_ring, fountainhead, feat_on_display
D:2:      layout_loops_corners, first_ration
D:3:      layout_rooms

Skill      XL: |  1  2 |
---------------+-------+-----
Spellcasting   | 5 |  5.7
Dodging        | |  2.8
Stealth        | |  2.8
Conjurations   | |  1.7
Summonings     | |  1.1
Translocations | |  1.1

Action                   || total
-------------------------++-------
 Cast: Magic Dart        ||    65
  Use: Scroll            ||     1
Armor: Robe              ||     3
Dodge: Dodged            ||    14
